 Dungeon Crawl Stone Soup version 0.30-a0-311-gf115ab0292 (webtiles) character file.

Game seed: 169250521194904729

207 Ijustatesigmund the Shield-Bearer (level 5, 0/47 HPs)
             Began as a Gnoll Fighter on Oct 25, 2022.
             Slain by an orc priest
             ... wielding a +0 flail
              (6 damage)
             ... on level 3 of the Dungeon.
             The game lasted 00:03:40 (1761 turns).

Ijustatesigmund the Shield-Bearer (Gnoll Fighter)   Turns: 1761, Time: 00:03:42

Health: 0/47       AC:  7    Str: 17    XL:     5   Next: 85%
Magic:  7/7        EV:  9    Int:  7    God:
Gold:   97         SH:  5    Dex: 12    Spells: 7/7 levels left

rFire   . . .      SeeInvis .    a - +0 war axe
rCold   . . .      Faith    .    c - +0 buckler
rNeg    . . .      Spirit   .    b - +0 scale mail
rPois   .          Reflect  .    (no helmet)
rElec   .          Harm     .    (no cloak)
rCorr   .          Rampage  .    (no gloves)
Will    .....                    (no boots)
Stlth   ..........               (no amulet)
HPRegen 0.27/turn                (no ring)
MPRegen 0.10/turn                (no ring)

@: no status effects
A: fangs 1, strong nose, distributed training
a: no special abilities


You were on level 3 of the Dungeon.
You visited 1 branch of the dungeon, and saw 3 of its levels.

You collected 97 gold pieces.

Inventory:

Hand Weapons
 a - a +0 war axe (weapon)
Armour
 b - a +0 scale mail (worn)
 c - a +0 buckler (worn)
Wands
 l - a wand of roots (13)
Scrolls
 e - 2 scrolls of identify
 f - a scroll of magic mapping {unknown}
 g - 2 scrolls of fog {unknown}
 i - a scroll of blinking
 n - a scroll of brand weapon {unknown}
 o - a scroll of teleportation {unknown}
 p - a scroll of summoning {unknown}
Potions
 d - 2 potions of mutation {unknown}
 h - a potion of attraction
 j - a potion of lignification {unknown}
 k - a potion of curing
 m - a potion of haste {unknown}


   Skills:
 + Level 6.7 Fighting
 + Level 1.7 Short Blades
 + Level 1.7 Long Blades
 + Level 4.9 Axes
 + Level 1.7 Maces & Flails
 + Level 1.7 Polearms
 + Level 1.7 Staves
 + Level 1.7 Ranged Weapons
 + Level 1.7 Throwing
 + Level 6.7 Armour
 + Level 1.7 Dodging
 + Level 1.7 Stealth
 + Level 6.7 Shields
 + Level 1.7 Unarmed Combat
 + Level 1.7 Spellcasting
 + Level 1.3 Conjurations
 + Level 1.3 Hexes
 + Level 1.3 Summonings
 + Level 1.3 Necromancy
 + Level 1.3 Translocations
 + Level 1.3 Transmutations
 + Level 1.3 Fire Magic
 + Level 1.3 Ice Magic
 + Level 1.3 Air Magic
 + Level 1.3 Earth Magic
 + Level 1.3 Poison Magic
 + Level 2.0 Invocations
 + Level 1.7 Evocations


You had 7 spell levels left.
You didn't know any spells.
Your spell library was empty.

Dungeon Overview and Level Annotations

Branches:
Dungeon (3/15)

Altars:
Kikubaaqudgha


Innate Abilities, Weirdness & Mutations

You have very sharp teeth.
Your uncanny sense of smell can sniff out nearby items.
Your experience applies equally to all skills.


Message History

The orc priest hits you with a +0 flail.
You barely miss the orc priest.
The orc priest is heavily wounded.
The orc priest calls down the wrath of Beogh upon you.
Beogh smites you!
The orc priest hits you with a +0 flail.
* * * LOW HITPOINT WARNING * * *
You are too injured to fight recklessly!
You are too injured to fight recklessly!
You are too injured to fight recklessly!
You are too injured to fight recklessly!
You are too injured to fight recklessly!
You are too injured to fight recklessly!
You are too injured to fight recklessly!
You are too injured to fight recklessly!
You are too injured to fight recklessly!
You are too injured to fight recklessly!
You are too injured to fight recklessly!
You are too injured to fight recklessly!
You are too injured to fight recklessly!
You closely miss the orc priest. Your bite misses the orc priest.
The orc priest is heavily wounded.
The orc priest hits you but does no damage.
You hit the orc priest but do no damage.
The orc priest is heavily wounded.
You block the orc priest's attack.
You hit the orc priest.
The orc priest is almost dead.
The orc priest miscasts a cantrip.
The orc priest looks encouraged for a moment.
You barely miss the orc priest.
The orc priest is severely wounded.
The orc priest barely misses you.
You hit the orc priest.
The orc priest is almost dead.
The orc priest mumbles some strange prayers to Beogh against you.
Beogh smites you!
* * * LOW HITPOINT WARNING * * *
The orc priest hits you with a +0 flail.
You die...

........# .........#
∆ ...........#
...........#
...........## #
....#+##.....
#.######...##.##.....
#..o).......#.##..)))
#..)@...###.#.##..)..
##.####.#.....#####†.
# #.........##....
+####......##...#
...<........##....
....#####††......#
... #.....#.#. .
#.....+.#. #.....###.


You could see an orc priest.

Vanquished Creatures
  An orc wizard (D:3)
  Natasha (thrice) (D:3)
  3 adders
  A worm (D:1)
  8 orcs (D:3)
  A ball python (D:1)
  6 bats
  6 endoplasms
  11 giant cockroaches
  2 goblins
  5 hobgoblins
  5 jackals
  2 kobolds (D:1)
  3 quokkas
  6 frilled lizards
  6 rats
69 creatures vanquished.

Notes
Turn   | Place    | Note
-------+----------+-------------------------------------------
     0 | D:1      | Ijustatesigmund the Gnoll Fighter began the quest for the
                  | Orb.
     0 | D:1      | Reached XP level 1. HP: 23/23 MP: 1/1
     1 | D:1      | Found a runed translucent door.
    50 | D:2      | Reached XP level 2. HP: 29/29 MP: 2/2
   314 | D:1      | Reached XP level 3. HP: 28/35 MP: 3/3
   405 | D:1      | Reached skill level 1 in Invocations
   902 | D:2      | Reached skill level 1 in Short Blades
   902 | D:2      | Reached skill level 1 in Long Blades
   902 | D:2      | Reached skill level 1 in Maces & Flails
   902 | D:2      | Reached skill level 1 in Polearms
   902 | D:2      | Reached skill level 1 in Staves
   902 | D:2      | Reached skill level 1 in Ranged Weapons
   902 | D:2      | Reached skill level 1 in Throwing
   902 | D:2      | Reached skill level 1 in Dodging
   902 | D:2      | Reached skill level 1 in Stealth
   902 | D:2      | Reached skill level 1 in Unarmed Combat
   902 | D:2      | Reached skill level 1 in Spellcasting
   902 | D:2      | Reached skill level 1 in Evocations
   991 | D:2      | Reached XP level 4. HP: 25/41 MP: 5/5
  1060 | D:2      | Found an ancient bone altar of Kikubaaqudgha.
  1400 | D:3      | Reached skill level 1 in Conjurations
  1400 | D:3      | Reached skill level 1 in Hexes
  1400 | D:3      | Reached skill level 1 in Summonings
  1400 | D:3      | Reached skill level 1 in Necromancy
  1400 | D:3      | Reached skill level 1 in Translocations
  1400 | D:3      | Reached skill level 1 in Transmutations
  1400 | D:3      | Reached skill level 1 in Fire Magic
  1400 | D:3      | Reached skill level 1 in Ice Magic
  1400 | D:3      | Reached skill level 1 in Air Magic
  1400 | D:3      | Reached skill level 1 in Earth Magic
  1400 | D:3      | Reached skill level 1 in Poison Magic
  1477 | D:3      | Noticed Natasha
  1493 | D:3      | Killed Natasha
  1494 | D:3      | Reached XP level 5. HP: 14/47 MP: 5/7
  1533 | D:3      | Noticed Natasha
  1543 | D:3      | Killed Natasha
  1575 | D:3      | Noticed Natasha
  1688 | D:3      | Killed Natasha
  1761 | D:3      | Slain by an orc priest

Illustrated notes

Levels and vault maps discovered:
D:1:      dpeg_arrival_caged_fury, layout_basic, dk_noncrumbling_3
D:2:      layout_rooms, basic_altar, minmay_vboxes
D:3:      layout_basic, uniq_natasha, uniq_sigmund, uniq_grinder

Skill      XL: |  1  2  3  4  5 |
---------------+----------------+-----
Invocations    | 1 2 |  2.0
Short Blades   | 1 |  1.7
Long Blades    | 1 |  1.7
Maces & Flails | 1 |  1.7
Polearms       | 1 |  1.7
Staves         | 1 |  1.7
Ranged Weapons | 1 |  1.7
Throwing       | 1 |  1.7
Dodging        | 1 |  1.7
Stealth        | 1 |  1.7
Unarmed Combat | 1 |  1.7
Spellcasting   | 1 |  1.7
Evocations     | 1 |  1.7
Conjurations   | 1 |  1.3
Hexes          | 1 |  1.3
Summonings     | 1 |  1.3
Necromancy     | 1 |  1.3
Translocations | 1 |  1.3
Transmutations | 1 |  1.3
Fire Magic     | 1 |  1.3
Ice Magic      | 1 |  1.3
Air Magic      | 1 |  1.3
Earth Magic    | 1 |  1.3
Poison Magic   | 1 |  1.3
Fighting       | |  6.7
Axes           | |  4.9
Armour         | |  6.7
Shields        | |  6.7

Action                   |  1- 3 |  4- 6 || total
-------------------------+-------+-------++-------
Melee: War axe           |   130 |    88 ||   218
       Bite              |    10 |     7 ||    17
  Use: Scroll            |     2 |       ||     2
       Potion            |       |     3 ||     3
Armor: Scale mail        |    62 |    54 ||   116
Dodge: Dodged            |    82 |    50 ||   132
Block: Buckler           |    46 |    34 ||    80

Table legend: (Time is in decaauts)
 A = Elapsed time spent in this place.
 B = Non-inter-level travel time spent in this place.
 C = Inter-level travel time spent in this place.
 D = Time resting spent in this place.
 E = Time spent auto-exploring this place.
 F = Levels seen in this place.
 G = Mean time per level.
                   A        B        C        D        E       F      G
               +--------+--------+--------+--------+--------+-----+--------+
         Total |   1840 |   1803 |     37 |    211 |   1143 |   3 |  613.3 |
       Dungeon |   1840 |   1803 |     37 |    211 |   1143 |   3 |  613.3 |
               +--------+--------+--------+--------+--------+-----+--------+

Top non-repeatable levels by time:
     D:1: 742 daAuts
     D:2: 680 daAuts
     D:3: 417 daAuts
